 Dungeon Crawl Stone Soup version 0.32-a0-928-g1cae6b7ea0 (webtiles) character file.

Game seed: 16032277855641347793

202887 RBrandon the Necromancer (level 17, -1/135 HPs)
             Began as a Mountain Dwarf Fighter on Apr 12, 2024.
             Was a High Priest of Hepliaklqana.
             Succumbed to a redback's poison
             ... on level 3 of the Spider Nest on Apr 13, 2024.
             The game lasted 01:18:09 (30075 turns).

RBrandon the Necromancer (Mountain Dwarf Fighter)  Turns: 30075, Time: 01:18:10

Health: -1/135     AC: 29    Str: 24    XL:     17   Next: 96%
Magic:  6/35       EV:  8    Int: 18    God:    Hepliaklqana [*****.]
Gold:   1791       SH: 12    Dex:  9    Spells: 7/28 levels left

rFire   . . .        a - +8 demon trident "Rift" {distort, reach+}
rCold   . . .        b - +2 kite shield
rNeg    . . .        B - +18 Lear's hauberk
rPois   .            (helmet currently unavailable)
rElec   .            n - scarf of Muunk {+Inv, MP+9 Stlth+}
rCorr   .            (gloves currently unavailable)
SInv    .            (boots currently unavailable)
Will    ++...        D - amulet of guardian spirit Stlth
                     I - ring of willpower
HPRegen 0.42/turn    e - +6 ring of intelligence
MPRegen 0.24/turn

%: guardian spirit
@: lethally poisoned (-1 -> -41), invisible
A: reduced essence, runic magic, artefact enchanting
}: 1/15 runes: decaying
a: Renounce Religion, Evoke Invisibility, Recall Ancestor, Ancestor Identity,
Transference, Idealise


You were on level 3 of the Spider Nest.
You worshipped Hepliaklqana.
Hepliaklqana was extremely pleased with you.
You visited 5 branches of the dungeon, and saw 29 of its levels.

You collected 2645 gold pieces.
You spent 854 gold pieces at shops.

Inventory:

Hand Weapons
 a - the +8 demon trident "Rift" (weapon) {distort, reach+}
   (You found it on level 5 of the Lair of Beasts)
Missiles
 j - 4 javelins
 F - 3 throwing nets
 R - 2 darts of dispersal
Armour
 b - a +2 kite shield (worn)
 d - an orb of mayhem
   (You found it on level 2 of the Lair of Beasts)
 f - a +2 cloak
 i - a +1 pair of gloves
 n - the scarf of Muunk (worn) {+Inv, MP+9 Stlth+}
   (You acquired it on level 14 of the Dungeon)

   MP+9:      It affects your magic capacity (+9).
   Stlth+:    It makes you more stealthy.
 A - a +2 pair of boots
 B - the +18 Lear's hauberk (worn)
   (You found it on level 6 of the Dungeon)
 G - a +0 tower shield
 H - a +0 helmet
 W - a +2 plate armour of cold resistance
   (You took it off Louise on level 4 of the Swamp)
Jewellery
 e - a +6 ring of intelligence (right hand)
 k - a +5 ring of evasion
 o - a ring of protection from fire
 D - an amulet of guardian spirit (around neck)
 I - a ring of willpower (left hand)
Wands
 u - a wand of digging (1)
 v - a wand of polymorph (15)
 y - a wand of charming (39)
 O - a wand of iceblast (39)
 P - a wand of quicksilver (22)
 Y - a wand of mindburst (10)
Scrolls
 g - a scroll of blinking
 p - 3 scrolls of vulnerability
 r - 10 scrolls of teleportation
 t - a scroll of revelation
 w - 2 scrolls of poison
 C - 2 scrolls of silence
 E - 3 scrolls of fog
 S - a scroll of enchant armour
 U - a scroll of torment
 V - a scroll of fear
 Z - 4 scrolls of noise
Potions
 h - 4 potions of brilliance
 l - 3 potions of enlightenment
 m - 5 potions of berserk rage
 q - 8 potions of haste
 s - 2 potions of mutation
 x - 9 potions of heal wounds
 z - 3 potions of might
 J - a potion of lignification
 L - a potion of resistance
 M - 3 potions of magic
 N - 2 potions of cancellation
 Q - 4 potions of curing
 T - a potion of invisibility
 X - 4 potions of ambrosia
Miscellaneous
 c - a tin of tremorstones (inert)
 K - a phantom mirror


   Skills:
 - Level 13.8 Fighting
 - Level 16.6(18.3) Axes
 - Level 10.8(14.0) Polearms
 - Level 10.8 Armour
 + Level 6.1 Dodging
 - Level 9.8 Shields
 - Level 6.0 Spellcasting
 - Level 4.9 Conjurations
 - Level 2.9 Summonings
 - Level 16.7 Necromancy
 - Level 6.0 Earth Magic
 - Level 10.0 Invocations
 - Level 8.0 Evocations


You had 7 spell levels left.
You knew the following spells:

 Your Spells              Type           Power      Damage    Failure   Level
b - Vampiric Draining     Necr           60%        2d10      1%          3
c - Animate Dead          Necr           60%        N/A       1%          4
d - Curse of Agony        Necr           60%        N/A       1%          5
e - Martyr's Knell        Necr/Summ      40%        N/A       4%          4
f - Borgnjor's Vile Clut  Necr/Erth      23%        N/A       8%          5

Your spell library contained the following spells:

 Spells                   Type           Power      Damage    Failure   Level
 Necrotise                Necr           100%       1d9       1%          1
 Sandblast                Erth           54%        2d13      2%          1
 Magic Dart               Conj           92%        1d7       3%          1
 Summon Small Mammal      Summ           64%        N/A       9%          1
 Stone Arrow              Conj/Erth      50%        3d10      9%          3
 Sting                    Conj/Alch      56%        1d6       11%         1
 Call Imp                 Summ           32%        N/A       13%         2
 Call Canine Familiar     Summ           16%        N/A       26%         3
 Apportation              Tloc           10%        N/A       28%         1
 Dazzling Flash           Conj/Hex       28%        N/A       30%         3
 Brom's Barrelling Bould  Conj/Erth      25%        2d5       30%         4
 Blink                    Tloc           10%        N/A       41%         2
 Summon Ice Beast         Ice/Summ       10%        N/A       43%         3
 Sigil of Binding         Hex            5%         N/A       65%         3
 Tukima's Dance           Hex            5%         N/A       65%         3
 Iskenderun's Mystic Bla Conj/Tloc 14%            2d5        (+2d2     71%         4
 Iskenderun's Battlesphe  Conj           23%        2d8       71%         5
 Dimensional Bullseye     Hex/Tloc       2%         N/A       96%         4
 Fireball                 Conj/Fire      7%         3d5       96%         5
 Summon Mana Viper        Hex/Summ       10%        N/A       99%         5
 Haunt                    Necr/Summ      20%        N/A       99%         7
 Conjure Ball Lightning   Conj/Air       7%         3x3d6     100%        6
 Starburst                Conj/Fire      7%         6d4       100%        6
 Monstrous Menagerie      Summ           8%         N/A       100%        7
 Orb of Destruction       Conj           11%        9d6       100%        7
 Infestation              Necr           30%        N/A       89%         8
 Maxwell's Capacitive Co  Air            2%         ∞         100%        8


Dungeon Overview and Level Annotations

Branches:
Dungeon (15/15)            Temple (0/1) D:5            Lair (5/5) D:11
  Swamp (4/4) Lair:3       Spider (3/4) Lair:2        Slime (0/5) Lair:5
    Orc (2/2) D:10            Elf (0/3) Orc:2        Vaults (0/5) D:14
 Depths (0/4) D:15

Altars:
Cheibriados
Dithmenos
Hepliaklqana
Kikubaaqudgha
Makhleb
Ru
Sif Muna
Trog
Uskayaw
Xom
The Shining One
Beogh
Jiyva
Lugonu

Shops:
D:10 =   D:13 =   D:15 !   Orc:2 ([!(

Portals:
Abyss: Lair:5

Annotations:
D:3 1 runed translucent door, Crazy Yiuf
D:11 3 runed translucent doors, JeszeEnbee's ghost, journeyman MfAl
Lair:2 2 transporters, bronco's ghost, journeyman MDFi
Swamp:3 1 runed translucent door, bananaken's ghost, adept GrFE
Spider:1 3 runed translucent doors, Skular's ghost, adept DjFE
Abyss:1 Azrael


Innate Abilities, Weirdness & Mutations

Your life essence is reduced to manifest your ancestor. (-10% HP)
Your spellcasting is much less encumbered by armour.
You can use scrolls of enchantment on lesser artefacts.


Message History

You block the redback's attack. The redback bites you!
* * * LOW HITPOINT WARNING * * *
Okay, then.
Aiming: Quicksilver Bolt
Press: ? - help, Shift-Dir - straight line, f/p - redback
Aim: a redback (lightly wounded, berserk, unable to see you, 67% to hit)
Okay, then.
Unknown command.
Aiming: Iceblast
Press: ? - help, Shift-Dir - straight line, f/p - redback
Aim: a redback (lightly wounded, berserk, unable to see you)
The mass of ice explodes!
The iceblast engulfs the redback!!
The redback is heavily wounded.
The iceblast engulfs the culicivora!!!
The culicivora is almost dead.
The iceblast engulfs the jumping spider!!
The jumping spider is severely wounded.
The iceblast engulfs the redback!!
The redback is severely wounded.
The redback bites you but does no damage.
You block the redback's attack. x3; The redback closely misses you.
The jumping spider pounces on you!
* * * LOW HITPOINT WARNING * * *
You are caught in a web!
The jumping spider barely misses you.
The web tears apart.
The redback bites you!
* * * LOW HITPOINT WARNING * * *
You are lethally poisoned!
The redback poisons you! You block the redback's attack.
The jumping spider barely misses you. You block the jumping spider's attack.
The redback barely misses you. The redback bites you!!
* * * LOW HITPOINT WARNING * * *
The jumping spider pounces on you!
* * * LOW HITPOINT WARNING * * *
The jumping spider barely misses you.
Blink to where?
Press: ? - help, Dir - move target, p - redback
As you read the scroll of blinking, it crumbles to dust.
You die...
Hepliaklqana delivers you to your ancestors.

...#.## #^.^#......#...^ ....#.##
##........##.... #..#..^###
###......#.# .. ......##.#
#<..^...^..## #. ..#.#^...#
##.^#.......###. #^......^# ###
##.........##.. #.......#### #.#
#.........#..#Z
..#....#s..####.###...........#.Z
......yss§......@#...#...#.....#.
##......s.......?.....###.##.##..
.............†.#.#.....##..#..##.
.#.........†...........###..†....
#.........#....#...#..####.....#^
#.........†...##..#...###......^.
#..###..#.#†........#.^.<..#.....
#.. ##........#...............#.
#####.............#.#.....#


There were no monsters in sight!

Vanquished Creatures
  Mlioglotl (Spider:1)
  Frances (D:12)
  A thorn hunter (Swamp:4)
  3 emperor scorpions (Spider:2)
  A ghost moth (Spider:3)
  Louise (Swamp:4)
  4 eleionomae
  A bunyip (Swamp:3)
  A spark wasp (Spider:1)
  An ettin (Orc:2)
  Josephine (Lair:3)
  3 entropy weavers
  A rakshasa (D:15)
  3 ogre magi (Orc:2)
  Erolcha (D:13)
  15 hydras
  A catoblepas (Lair:5)
  3 ghost crabs
  3 death yaks
  14 two-headed ogres
  7 alligators
  A death knight (D:14)
  3 thrashing horrors (Lair:5)
  Urug (Lair:2)
  3 boulder beetles
  4 demonic crawlers
  3 tengu warriors (D:14)
  Nergalle (Orc:1)
  A pharaoh ant (Spider:2)
  A fire crab (Lair:5)
  4 bog bodies
  3 goliath frogs
  A spriggan druid (Swamp:4)
  A sun moth (Spider:3)
  6 swamp dragons (Swamp:4)
  7 orb spiders
  4 deep elf pyromancers
  2 deep elf zephyrmancers (D:15)
  5 steelbarb worms
  8 wolf spiders
  A necromancer (D:15)
  An obsidian bat (Orc:2)
  4 ugly things
  3 meliai (D:13)
  2 cyclopes
  4 manticores
  2 large abominations (Lair:5)
  A moth of wrath (Spider:3)
  2 black mambas
  3 kobold blastminers (Orc:1)
  A gargoyle (D:12)
  14 elephants
  A smoke demon (Lair:5)
  5 torpor snails
  3 centaur skeletons (D:15)
  2 cane toads (Lair:2)
  Maggie (D:7)
  2 rime drakes (Lair:5)
  2 tengu conjurers
  An efreet (D:13)
  4 komodo dragons
  2 trolls
  18 tyrant leeches
  A queen bee (D:13)
  A bloated husk (Swamp:3)
  6 hornets
  7 blink frogs
  15 jumping spiders
  2 polar bears
  13 tarantellas
  A dream sheep (Lair:5)
  5 slime creatures (D:14)
  3 spriggans
  5 culicivoras
  2 vampires
  8 wyverns
  8 small abominations (Lair:5)
  2 ynoxinuls (Lair:5)
  A fire elemental (D:12)
  3 hogs (Spider:1)
  33 yaks
  3 basilisks
  3 wraiths
  2 wargs
  2 steam dragons
  10 vampire mosquitoes
  36 redbacks
  2 chaos spawn (Lair:5)
  8 water moccasins
  11 swamp worms
  2 acid dragons
  10 orc warriors
  A black bear (Lair:4)
  An ice beast (D:8)
  A swamp drake (Swamp:4)
  27 ogres
  6 wolves
  2 centaurs
  3 hexers
  A phantom (D:6)
  A kobold brigand (D:9)
  A nameless horror (Swamp:4)
  6 bullfrogs
  A gnoll sergeant (D:12)
  4 scorpions
  6 wights
  20 killer bees
  3 howler monkeys
  A bombardier beetle (D:7)
  An electric eel (Lair:2)
  A jelly (D:6)
  3 hounds (D:5)
  2 gnoll boudas
  7 orc priests
  4 iguanas
  Terence (D:3)
  Natasha (D:3)
  8 orc wizards
  4 hell rats (Lair:5)
  4 adders
  14 gnolls
  3 shadow imps
  2 white imps (D:6)
  An ufetubus (D:4)
  A dart slug (D:2)
  4 ribbon worms
  44 orcs
  6 ball pythons
  2 bats
  8 endoplasms
  6 giant cockroaches
  3 goblins
  3 hobgoblins
  13 jackals (D:1)
  6 quokkas
  A frilled lizard (D:1)
  13 kobolds
  2 rats
663 creatures vanquished.

Vanquished Creatures (collateral kills)
  Kirke (Spider:1)
  Aizul (Spider:1)
  A ghost moth (Spider:3)
  3 broodmothers
  2 eleionomae
  A bunyip (Swamp:2)
  2 shambling mangroves
  9 hydras
  2 centaur warriors (D:14)
  An alligator (Swamp:3)
  An ogre mage (Orc:2)
  A boulder beetle (Lair:5)
  2 two-headed ogres
  A tengu warrior (D:14)
  A demonic crawler (Spider:2)
  2 death yaks (Lair:5)
  2 pharaoh ants (Spider:2)
  2 goliath frogs
  A spriggan druid (Swamp:1)
  A bog body (Swamp:3)
  4 swamp dragons (Swamp:4)
  A sun moth (Spider:3)
  A steelbarb worm (Spider:3)
  A large abomination (Lair:5)
  An ugly thing (D:14)
  3 lindwurms (Swamp:4)
  5 wolf spiders
  2 deep elf pyromancers
  A manticore (D:14)
  Maurice (D:10)
  12 elephants
  A black mamba (Lair:5)
  2 smoke demons (Lair:5)
  6 torpor snails
  An unseen horror (D:10)
  4 cane toads
  A kobold demonologist (D:11)
  A rime drake (Lair:3)
  4 komodo dragons
  A tengu conjurer (D:15)
  A troll (D:13)
  6 blink frogs
  4 hornets
  2 tarantellas
  3 tyrant leeches (Swamp:1)
  A raiju (Lair:5)
  5 jumping spiders
  4 dream sheep (Lair:5)
  A centaur simulacrum (D:14)
  A shadow (D:11)
  A culicivora (Spider:2)
  A ynoxinul (Lair:5)
  2 spriggans
  6 wyverns
  19 yaks
  2 wraiths (Lair:3)
  A hog (Spider:1)
  12 redbacks
  A fire elemental (D:12)
  3 basilisks (Lair:5)
  A warg (D:10)
  7 vampire mosquitoes
  2 steam dragons
  7 swamp worms
  8 water moccasins
  3 hell hounds
  4 swamp drakes (Swamp:4)
  An orc warrior (D:10)
  An ice beast (D:5)
  A black bear (Lair:2)
  3 ogres
  A centaur (D:10)
  5 wolves
  3 kobold brigands
  3 bullfrogs
  4 small abominations (Lair:5)
  2 scorpions (D:5)
  2 wights (D:7)
  5 killer bees
  A howler monkey (D:8)
  A gnoll bouda (D:9)
  6 orc priests
  3 hounds
  An iguana (D:4)
  10 orc wizards
  A hell rat (Lair:5)
  A boggart simulacrum (D:15)
  18 gnolls
  3 adders
  A shadow imp (D:5)
  A dart slug (D:3)
  20 orcs
  A giant cockroach (D:3)
  A goblin (D:2)
  A hobgoblin (D:4)
  A jackal (D:3)
  3 kobolds
  2 ball pythons
  2 bats (D:3)
  A frilled lizard (D:3)
  2 rats (D:2)
310 creatures vanquished.

Vanquished Creatures (others)
  A guardian serpent zombie (Spider:1)
  A ghost moth zombie (Spider:3)
  4 wolf spider zombies
  2 death yak zombies (Lair:5)
  3 orb spider zombies (Spider:3)
  A steelbarb worm zombie (Spider:2)
  6 redback zombies
  7 hydra zombies
  A jumping spider (Spider:2)
  8 jumping spider zombies
  A tarantella (Spider:2)
  3 culicivora zombies
  A moth of wrath zombie (Spider:3)
  6 tarantella zombies
  A redback (Spider:2)
  A cane toad zombie (Lair:5)
  An entropy weaver zombie (Spider:2)
  3 hornet zombies (Swamp:4)
  A dream sheep zombie (Lair:5)
  A lindwurm zombie (Swamp:4)
  A swamp dragon zombie (Swamp:4)
  5 blink frog zombies (Lair:5)
  3 torpor snail zombies
  A komodo dragon zombie (Lair:5)
  2 wyvern zombies (Lair:5)
  A cyclops zombie (D:14)
  2 hell hound zombies (D:12)
  A water moccasin zombie (Lair:5)
  3 yak zombies (Lair:3)
  An orc wizard (D:10)
  A hell rat zombie (Lair:5)
  23 hexers
  A swamp drake zombie (Swamp:4)
  3 ancestors
  An orc (D:12)
  8 orc zombies
110 creatures vanquished.

Grand Total: 1083 creatures vanquished

Notes
Turn   | Place    | Note
-------+----------+-------------------------------------------
     0 | D:1      | RBrandon the Mountain Dwarf Fighter began the quest for the
                  | Orb.
     0 | D:1      | Reached XP level 1. HP: 19/19 MP: 1/1
    71 | D:1      | Reached XP level 2. HP: 12/26 MP: 2/2
   496 | D:1      | Reached XP level 3. HP: 31/31 MP: 3/3
  1117 | D:2      | Found a faded altar of an unknown god.
  1217 | D:2      | Prayed at the altar of an unknown god.
  1217 | D:2      | Became a worshipper of Hepliaklqana the Forgotten
  1217 | D:2      | Reached * piety under Hepliaklqana
  1313 | D:2      | Reached XP level 4. HP: 27/36 MP: 4/4
  1765 | D:3      | Noticed Terence
  1787 | D:3      | Killed Terence
  2022 | D:3      | Found a shimmering altar of Xom.
  2057 | D:3      | Noticed a scorpion
  2075 | D:3      | Killed a scorpion
  2076 | D:3      | Reached XP level 5. HP: 26/41 MP: 5/5
  2386 | D:3      | Found a runed translucent door.
  2387 | D:3      | Noticed Crazy Yiuf
  2854 | D:4      | Reached skill level 5 in Axes
  2887 | D:4      | Noticed Natasha
  2901 | D:3      | Killed Natasha
  2985 | D:4      | Reached XP level 6. HP: 45/47 MP: 6/6
  3107 | D:4      | Reached ** piety under Hepliaklqana
  3137 | D:4      | Remembered your ancestor Ziuguedd as a hexer
  3643 | D:5      | Entered Level 5 of the Dungeon
  3666 | D:5      | Found a hide-covered altar of Uskayaw.
  3988 | D:5      | Found a staircase to the Ecumenical Temple.
  3996 | D:5      | Reached skill level 5 in Fighting
  4001 | D:5      | Reached skill level 5 in Armour
  4010 | D:5      | Reached XP level 7. HP: 54/54 MP: 7/7
  4541 | D:5      | Reached *** piety under Hepliaklqana
  4819 | D:6      | Reached skill level 1 in Invocations
  4821 | D:6      | Reached XP level 8. HP: 54/63 MP: 7/9
  5159 | D:6      | Reached skill level 5 in Invocations
  5319 | D:6      | Reached XP level 9. HP: 36/70 MP: 12/12
  5565 | D:6      | Noticed a troll
  5575 | D:6      | Killed a troll
  5576 | D:6      | Reached skill level 10 in Axes
  5698 | D:6      | Found the +18 Lear's hauberk
  6106 | D:7      | Noticed Maggie
  6116 | D:7      | Killed Maggie
  6287 | D:7      | Reached **** piety under Hepliaklqana
  6547 | D:8      | Found a burning altar of Makhleb.
  6558 | D:8      | Found a snail-covered altar of Cheibriados.
  6590 | D:8      | Reached XP level 10. HP: 74/81 MP: 20/20
  6813 | D:8      | Found a shadowy altar of Dithmenos.
  6856 | D:8      | Reached ***** piety under Hepliaklqana
  7281 | D:9      | Found a glowing golden altar of the Shining One.
  7284 | D:9      | Found a bloodstained altar of Trog.
  7288 | D:9      | Found a hazy altar of Hepliaklqana.
  7462 | D:9      | Noticed a two-headed ogre
  7484 | D:9      | Killed a two-headed ogre
  7485 | D:9      | Reached skill level 10 in Fighting
  7485 | D:9      | Reached skill level 10 in Armour
  7832 | D:10     | Entered Level 10 of the Dungeon
  8105 | D:10     | Found a staircase to the Orcish Mines.
  8180 | D:10     | Identified the +0 chain mail of Bekaim {Harm}
  8183 | D:10     | Noticed a two-headed ogre
  8183 | D:10     | Noticed Maurice
  8189 | D:10     | Killed a two-headed ogre
  8190 | D:10     | Reached XP level 11. HP: 90/90 MP: 21/21
  8195 | D:10     | Killed Maurice
  8226 | D:10     | Noticed a deep elf pyromancer
  8235 | D:10     | Killed a deep elf pyromancer
  8246 | D:10     | Learned a level 3 spell: Stone Arrow
  8350 | D:10     | Reached skill level 1 in Earth Magic
  8393 | D:10     | Reached skill level 1 in Conjurations
  8538 | D:10     | Noticed a two-headed ogre
  8549 | D:10     | Killed a two-headed ogre
  8640 | D:10     | Found an ancient bone altar of Kikubaaqudgha.
  8869 | D:10     | Found Beqem's Jewellery Shop.
  8969 | D:11     | Found a staircase to the Lair.
  9478 | D:11     | Noticed JeszeEnbee's ghost (journeyman MfAl)
  9498 | D:11     | Reached skill level 5 in Earth Magic
  9536 | D:11     | Found a runed translucent gate.
  9536 | D:11     | Found a runed translucent gate.
  9536 | D:11     | Found a runed translucent gate.
  9537 | D:11     | Noticed a two-headed ogre
  9542 | D:11     | Killed a two-headed ogre
 10018 | Lair:1   | Entered Level 1 of the Lair of Beasts
 10542 | Lair:1   | Reached XP level 12. HP: 96/96 MP: 18/22
 10612 | Lair:1   | Found a snail-covered altar of Cheibriados.
 11138 | Lair:2   | Reached ****** piety under Hepliaklqana
 11190 | Lair:2   | Noticed an eight-headed hydra
 11195 | Lair:2   | Killed an eight-headed hydra
 11196 | Lair:2   | Reached skill level 15 in Axes
 11431 | Lair:2   | Noticed Urug
 11442 | Lair:2   | Killed Urug
 11508 | Lair:2   | Noticed a six-headed hydra
 11517 | Lair:2   | Killed a six-headed hydra
 11527 | Lair:2   | Learned a level 3 spell: Vampiric Draining
 11624 | Lair:2   | Found a transporter.
 11627 | Lair:2   | Noticed bronco's ghost (journeyman MDFi)
 11628 | Lair:2   | Found a transporter.
 11715 | Lair:2   | Reached skill level 1 in Necromancy
 11724 | Lair:2   | Noticed a seven-headed hydra
 11736 | Lair:2   | Killed a seven-headed hydra
 11868 | Lair:2   | Reached skill level 5 in Necromancy
 11999 | Lair:2   | Found a hole to the Spider Nest.
 12291 | Lair:3   | Noticed a four-headed hydra
 12371 | Lair:3   | Noticed a boulder beetle
 12381 | Lair:3   | Killed a boulder beetle
 12387 | Lair:3   | Learned a level 4 spell: Animate Dead
 12466 | Lair:3   | Reached XP level 13. HP: 65/102 MP: 23/23
 12704 | Lair:3   | Reached skill level 10 in Necromancy
 12990 | Lair:3   | Noticed Josephine
 12997 | Lair:3   | Killed Josephine
 13036 | Lair:3   | Found a staircase to the Swamp.
 13046 | Lair:3   | Reached skill level 1 in Spellcasting
 13324 | Lair:3   | Learned a level 5 spell: Curse of Agony
 13329 | Lair:3   | Learned a level 4 spell: Martyr's Knell
 13767 | Lair:4   | Reached skill level 1 in Summonings
 13930 | Lair:4   | Got the Precepts of Arenous Transfiguration
 14840 | Lair:5   | Entered Level 5 of the Lair of Beasts
 15049 | Lair:5   | Reached skill level 5 in Spellcasting
 15081 | Lair:5   | Reached XP level 14. HP: 108/108 MP: 18/24
 15190 | Lair:5   | Found a staircase to the Slime Pits.
 15190 | Lair:5   | Found a viscous altar of Jiyva.
 15958 | Lair:5   | Learned a level 5 spell: Borgnjor's Vile Clutch
 17193 | Lair:5   | Found the +8 demon trident "Rift" {distort, reach+}
 17194 | Lair:5   | Found a corrupted altar of Lugonu.
 17194 | Lair:5   | Found a one-way gate to the infinite horrors of the Abyss.
 17604 | D:12     | Reached skill level 1 in Polearms
 17758 | D:12     | Noticed Azrael
 17773 | D:12     | Banished Azrael
 17913 | D:12     | Noticed Frances
 17921 | D:12     | Killed Frances
 18013 | D:12     | Reached skill level 5 in Polearms
 18511 | D:13     | Found Tiuxon's Jewellery Emporium.
 18535 | D:13     | Found a sacrificial altar of Ru.
 18668 | D:13     | Identified the +10 dagger "Goblinbane" {drain, rF+ Will+++
                  | Dex-4 Stlth-}
 18924 | D:13     | Noticed Erolcha
 18927 | D:13     | Killed Erolcha
 19051 | D:13     | Reached XP level 15. HP: 110/115 MP: 25/25
 19374 | D:14     | Found a shimmering blue altar of Sif Muna.
 19855 | D:14     | Identified a scroll of acquirement
 20244 | D:14     | Found a gate to the Vaults.
 20352 | D:14     | Identified the +2 leather armour "Gucsuq" {Fly rF+ rN+
                  | Int-5}
 20538 | D:15     | Entered Level 15 of the Dungeon
 20779 | D:15     | Reached skill level 10 in Polearms
 20798 | D:15     | Found a staircase to the Depths.
 21047 | D:15     | Found Jaick's Distillery.
 21050 | D:15     | Bought a potion of curing for 51 gold pieces
 21050 | D:15     | Bought a potion of curing for 51 gold pieces
 21050 | D:15     | Bought a potion of curing for 51 gold pieces
 21050 | D:15     | Bought a potion of heal wounds for 85 gold pieces
 21050 | D:15     | Bought a potion of invisibility for 136 gold pieces
 21283 | Orc:1    | Entered Level 1 of the Orcish Mines
 21433 | Orc:1    | Noticed Nergalle
 21439 | Orc:1    | Killed Nergalle
 21572 | Orc:1    | Found a roughly hewn altar of Beogh.
 21696 | Orc:2    | Entered Level 2 of the Orcish Mines
 21766 | Orc:2    | Found a staircase to the Elven Halls.
 22002 | Orc:2    | Found Gulenosm's Antique Weapon Boutique.
 22002 | Orc:2    | Found Wiammausch's Antique Armour Emporium.
 22003 | Orc:2    | Found Veshufah's Distillery.
 22003 | Orc:2    | Found Qaxiph's Antique Weapon Shop.
 22021 | Orc:2    | Bought 3 potions of heal wounds for 210 gold pieces
 22464 | Orc:2    | Found a roughly hewn altar of Beogh.
 22805 | Orc:2    | Bought a pair of runed gloves for 270 gold pieces
 23239 | Lair:5   | Acquired the scarf of Muunk {+Inv, MP+9 Stlth+}
 23353 | Swamp:1  | Entered Level 1 of the Swamp
 23360 | Swamp:1  | Reached skill level 1 in Evocations
 23360 | Swamp:1  | Reached XP level 16. HP: 130/130 MP: 25/25
 23757 | Swamp:1  | Reached skill level 5 in Evocations
 25183 | Swamp:3  | Found a runed translucent door.
 25184 | Swamp:3  | Noticed bananaken's ghost (adept GrFE)
 25641 | Swamp:4  | Entered Level 4 of the Swamp
 25641 | Swamp:4  | Noticed Louise
 25806 | Swamp:4  | Reached skill level 10 in Invocations
 25834 | Swamp:4  | Reached skill level 5 in Shields
 26215 | Swamp:4  | Killed Louise
 26232 | Swamp:4  | Noticed a thorn hunter
 26242 | Swamp:4  | Killed a thorn hunter
 26431 | Swamp:4  | Got a decaying rune of Zot
 26776 | Swamp:4  | Reached XP level 17. HP: 101/135 MP: 26/26
 27454 | Spider:1 | Entered Level 1 of the Spider Nest
 27703 | Spider:1 | Identified the +3 scale mail of the Pit {*Slow rPois rF+
                  | Int+3}
 27731 | Spider:1 | Identified the serpent talisman "Duockiemo" {*Corrode
                  | Will+++}
 27731 | Spider:1 | Noticed Aizul
 27752 | Spider:1 | Killed Aizul
 27753 | Spider:1 | Reached skill level 15 in Necromancy
 27997 | Spider:1 | Noticed Kirke
 28017 | Spider:1 | Noticed a sphinx
 28017 | Spider:1 | Killed Kirke
 28181 | Spider:1 | Identified the +6 sling "Paddafank" {heavy, rPois Int+3}
 28186 | Spider:1 | Found a runed translucent gate.
 28186 | Spider:1 | Noticed Skular's ghost (adept DjFE)
 28187 | Spider:1 | Found a runed translucent gate.
 28247 | Spider:1 | Found a runed translucent gate.
 28329 | Spider:1 | Noticed Mlioglotl
 28343 | Spider:1 | Killed Mlioglotl
 28422 | Spider:1 | Your ally Aizul died
 28905 | Spider:2 | Reached skill level 1 in Dodging
 29694 | Spider:3 | Reached skill level 5 in Dodging
 30075 | Spider:3 | Succumbed to a redback's poison

Illustrated notes

Levels and vault maps discovered:
D:1:      lemuel_arrival_behind_the_door_large, layout_basic
D:2:      minmay_general_purpose_star, layout_loops_ring, serial_rivers,
          chequers_serial_rivers_room_b, chequers_serial_rivers_large_a,
          chequers_serial_rivers_room_a, chequers_serial_rivers_small_a,
          hellmonk_ecumenical_altar_crossroads, st_stairs_11,
          hangedman_decor_growths
D:3:      layout_basic, xom_teletrap_fun, minmay_fractal_squares_gapless_5,
          uniq_terence, uniq_crazy_yiuf_cottage
D:4:      layout_gridville, minmay_quadrilaterals, uniq_natasha
D:5:      layout_cave_pods, nicolae_uskayaw_dance_hall,
          minmay_temple_entry_water_ring
D:6:      layout_basic, hangedman_decor_riveting, hellmonk_guarded_unrand_lears
D:7:      layout_cave_pools, uniq_maggie
D:8:      layout_cave_pools, grunt_temple_overflow_open,
          nicolae_dithmenos_through_a_glass_darkly
D:9:      layout_long_grid, minitemple
D:10:     layout_gridville, kiku_gazebo_garden_becter, erik_orc_4, serial_glass,
          glass_columns_a, glass_columns_a, minmay_strange_pillars,
          item_on_display_a, serial_shops, nicolae_stop_n_shop_2,
          billiards_dpeg, uniq_maurice
D:11:     layout_loops_ring, minmay_lair_entry_grove, gammafunk_ghost_icy
D:12:     layout_stronghold, uniq_azrael, uniq_frances
D:13:     layout_roguey, special_room [special_room_bee], serial_shops, shop,
          nicolae_ru_awakened_eye, uniq_erolcha
D:14:     layout_cave_pools, skrybe_vaults_entry_preservation,
          nicolae_sif_muna_condensation
D:15:     grunt_enter_depths_magical_seal, layout_rooms, nrook_campfire,
          serial_shops, nicolae_shop_behind_doors, minmay_misc_feat_pillars
Lair:1:   layout_chaotic_city, kennysheep_snail_temple
Lair:2:   layout_regular_city, nicolae_spider_entry_non_spiders,
          gammafunk_ghost_arena, serial_bayou_shore_a, grunt_megastairs_2,
          uniq_urug
Lair:3:   layout_hall_layers, minmay_swamp_entry_reptiles,
          grunt_forest_large_clearings, grunt_megastairs_4, lemuel_fruit_fields,
          uniq_josephine
Lair:4:   layout_cave_pods, worms_lemuel
Lair:5:   hellmonk_lair_end_abyssal_woods, layout_layer_cave, slime_entry_1,
          special_room [special_room_mythical_zoo], st_stairs_11,
          infiniplex_staircase_pool_2
Swamp:1:  layout_basic_swamp, nicolae_swamp_triple_paths
Swamp:2:  layout_basic_swamp, nicolae_swamp_fairy_circle, swamp_pool_3
Swamp:3:  layout_falls_marsh, gammafunk_ghost_grave, infiniplex_staircase_pool,
          swamp_pool_1_2
Swamp:4:  swamp_alternative, layout_basic_swamp, swamp_pool_3,
          nicolae_swamp_vermiculated, uniq_louise
Spider:1: layout_spider_delve, gammafunk_ghost_split,
          nicolae_spider_baby_got_redback, uniq_aizul, uniq_kirke,
          uniq_mlioglotl
Spider:2: layout_spider_delve, drop_trap, nicolae_spider_swamp_cousins
Spider:3: layout_spider_delve, nicolae_spider_moth_buddies
Orc:1:    layout_diamond_mine, basic_altar, abandoned_shop, uniq_nergalle
Orc:2:    st_orc_ogre_mass, layout_caves, mines1_david

Skill      XL: |  1  2  3  4  5  6  7  8  9 10 11 12 13 14 15 16 17 |
---------------+----------------------------------------------------+-----
Axes           | 3 4 5 6 7 9 11 12 14 16 | 16.6
Armour         | 4 5 6 8 10 | 10.8
Fighting       | 4 5 6 8 10 13 | 13.8
Shields        | 4 9 |  9.8
Invocations    | 1 5 10 | 10.0
Earth Magic    | 6 |  6.0
Conjurations   | 4 |  4.9
Necromancy     | 8 11 14 16 | 16.7
Spellcasting   | 5 6 |  6.0
Summonings     | 2 |  2.9
Polearms       | 6 10 | 10.8
Evocations     | 1 8 |  8.0
Dodging        | 6 |  6.1

Action                     |  1- 3 |  4- 6 |  7- 9 | 10-12 | 13-15 | 16-18 || total
---------------------------+-------+-------+-------+-------+-------+-------++-------
  Melee: War axe           |   126 |   122 |   159 |    46 |       |       ||   453
         Morningstar       |       |       |    13 |    33 |       |       ||    46
         Broad axe         |       |       |       |   274 |   310 |       ||   584
         Demon trident     |       |       |       |       |   454 |   781 ||  1235
  Throw: Javelin           |       |     1 |       |       |       |       ||     1
   Cast: Stone Arrow       |       |       |       |    53 |    10 |       ||    63
         Animate Dead      |       |       |       |     1 |    16 |    13 ||    30
         Martyr's Knell    |       |       |       |       |    11 |     7 ||    18
         Vampiric Draining |       |       |       |       |    21 |     3 ||    24
         Borgnjor's Vile C |       |       |       |       |    46 |    22 ||    68
         Curse of Agony    |       |       |       |       |     4 |     2 ||     6
 Invoke: Recall Ancestor   |       |     1 |       |     1 |     4 |     3 ||     9
         Ancestor Life: He |       |     1 |       |       |       |       ||     1
         Idealise          |       |       |       |     3 |     4 |     2 ||     9
Ability: Evoke Invisibilit |       |       |       |       |       |     1 ||     1
  Evoke: Tin of tremorston |       |       |       |       |     2 |     3 ||     5
         Wand              |       |       |       |       |       |     2 ||     2
    Use: Potion            |       |     4 |       |     1 |       |     3 ||     8
         Scroll            |       |     4 |       |    11 |    18 |     2 ||    35
   Stab: Distracted        |       |     2 |     3 |     7 |    10 |    11 ||    33
         Confused          |       |       |     5 |     6 |    11 |     6 ||    28
         Paralysed         |       |       |       |       |    31 |    17 ||    48
         Invisible         |       |       |       |       |       |     1 ||     1
 Armour: Scale mail        |   108 |   114 |     3 |       |       |       ||   225
         Chain mail        |       |       |   147 |   376 |   534 |   400 ||  1457
  Dodge: Dodged            |    63 |    64 |    79 |   132 |   197 |   109 ||   644
  Block: Buckler           |    42 |    29 |    35 |    75 |   139 |    17 ||   337
         Kite shield       |       |       |       |       |       |   158 ||   158

Table legend: (Time is in decaauts)
 A = Elapsed time spent in this place.
 B = Non-inter-level travel time spent in this place.
 C = Inter-level travel time spent in this place.
 D = Time resting spent in this place.
 E = Time spent auto-exploring this place.
 F = Levels seen in this place.
 G = Mean time per level.
                   A        B        C        D        E       F      G
               +--------+--------+--------+--------+--------+-----+--------+
         Total |  30087 |  28297 |   1790 |   3629 |  18736 |  29 | 1037.5 |
       Dungeon |  14080 |  13307 |    773 |   1477 |   9180 |  15 |  938.7 |
          Lair |   7792 |   7173 |    619 |   1022 |   4746 |   5 | 1558.4 |
         Swamp |   4183 |   3967 |    216 |    676 |   2435 |   4 | 1045.8 |
   Spider Nest |   2503 |   2476 |     27 |    443 |   1387 |   3 |  834.3 |
  Orcish Mines |   1526 |   1372 |    154 |     11 |    987 |   2 |  763.0 |
               +--------+--------+--------+--------+--------+-----+--------+

Top non-repeatable levels by time:
  Lair:5: 2658 daAuts
 Swamp:4: 1702 daAuts
  Lair:3: 1436 daAuts
  Lair:2: 1317 daAuts
    D:11: 1253 daAuts
  Lair:4: 1244 daAuts
     D:6: 1188 daAuts
    D:10: 1154 daAuts
  Lair:1: 1135 daAuts
     D:2: 1134 daAuts
     D:3: 1117 daAuts
Spider:1: 1106 daAuts
     D:5: 1096 daAuts
 Swamp:1: 1081 daAuts
    D:14: 1040 daAuts

Levels and vault maps discovered:
D:1:      lemuel_arrival_behind_the_door_large, layout_basic
D:2:      minmay_general_purpose_star, layout_loops_ring, serial_rivers,
          chequers_serial_rivers_room_b, chequers_serial_rivers_large_a,
          chequers_serial_rivers_room_a, chequers_serial_rivers_small_a,
          hellmonk_ecumenical_altar_crossroads, st_stairs_11,
          hangedman_decor_growths
D:3:      layout_basic, xom_teletrap_fun, minmay_fractal_squares_gapless_5,
          uniq_terence, uniq_crazy_yiuf_cottage
D:4:      layout_gridville, minmay_quadrilaterals, uniq_natasha
D:5:      layout_cave_pods, nicolae_uskayaw_dance_hall,
          minmay_temple_entry_water_ring
D:6:      layout_basic, hangedman_decor_riveting, hellmonk_guarded_unrand_lears
D:7:      layout_cave_pools, uniq_maggie
D:8:      layout_cave_pools, grunt_temple_overflow_open,
          nicolae_dithmenos_through_a_glass_darkly
D:9:      layout_long_grid, minitemple
D:10:     layout_gridville, kiku_gazebo_garden_becter, erik_orc_4, serial_glass,
          glass_columns_a, glass_columns_a, minmay_strange_pillars,
          item_on_display_a, serial_shops, nicolae_stop_n_shop_2,
          billiards_dpeg, uniq_maurice
D:11:     layout_loops_ring, minmay_lair_entry_grove, gammafunk_ghost_icy
D:12:     layout_stronghold, uniq_azrael, uniq_frances
D:13:     layout_roguey, special_room [special_room_bee], serial_shops, shop,
          nicolae_ru_awakened_eye, uniq_erolcha
D:14:     layout_cave_pools, skrybe_vaults_entry_preservation,
          nicolae_sif_muna_condensation
D:15:     grunt_enter_depths_magical_seal, layout_rooms, nrook_campfire,
          serial_shops, nicolae_shop_behind_doors, minmay_misc_feat_pillars
Lair:1:   layout_chaotic_city, kennysheep_snail_temple
Lair:2:   layout_regular_city, nicolae_spider_entry_non_spiders,
          gammafunk_ghost_arena, serial_bayou_shore_a, grunt_megastairs_2,
          uniq_urug
Lair:3:   layout_hall_layers, minmay_swamp_entry_reptiles,
          grunt_forest_large_clearings, grunt_megastairs_4, lemuel_fruit_fields,
          uniq_josephine
Lair:4:   layout_cave_pods, worms_lemuel
Lair:5:   hellmonk_lair_end_abyssal_woods, layout_layer_cave, slime_entry_1,
          special_room [special_room_mythical_zoo], st_stairs_11,
          infiniplex_staircase_pool_2
Swamp:1:  layout_basic_swamp, nicolae_swamp_triple_paths
Swamp:2:  layout_basic_swamp, nicolae_swamp_fairy_circle, swamp_pool_3
Swamp:3:  layout_falls_marsh, gammafunk_ghost_grave, infiniplex_staircase_pool,
          swamp_pool_1_2
Swamp:4:  swamp_alternative, layout_basic_swamp, swamp_pool_3,
          nicolae_swamp_vermiculated, uniq_louise
Spider:1: layout_spider_delve, gammafunk_ghost_split,
          nicolae_spider_baby_got_redback, uniq_aizul, uniq_kirke,
          uniq_mlioglotl
Spider:2: layout_spider_delve, drop_trap, nicolae_spider_swamp_cousins
Spider:3: layout_spider_delve, nicolae_spider_moth_buddies
Orc:1:    layout_diamond_mine, basic_altar, abandoned_shop, uniq_nergalle
Orc:2:    st_orc_ogre_mass, layout_caves, mines1_david

Table legend: (Time is in decaauts)
 A = Elapsed time spent in this place.
 B = Non-inter-level travel time spent in this place.
 C = Inter-level travel time spent in this place.
 D = Time resting spent in this place.
 E = Time spent auto-exploring this place.
 F = Levels seen in this place.
 G = Mean time per level.
                   A        B        C        D        E       F      G
               +--------+--------+--------+--------+--------+-----+--------+
         Total |  30087 |  28297 |   1790 |   3629 |  18736 |  29 | 1037.5 |
       Dungeon |  14080 |  13307 |    773 |   1477 |   9180 |  15 |  938.7 |
          Lair |   7792 |   7173 |    619 |   1022 |   4746 |   5 | 1558.4 |
         Swamp |   4183 |   3967 |    216 |    676 |   2435 |   4 | 1045.8 |
   Spider Nest |   2503 |   2476 |     27 |    443 |   1387 |   3 |  834.3 |
  Orcish Mines |   1526 |   1372 |    154 |     11 |    987 |   2 |  763.0 |
               +--------+--------+--------+--------+--------+-----+--------+

Top non-repeatable levels by time:
  Lair:5: 2658 daAuts
 Swamp:4: 1702 daAuts
  Lair:3: 1436 daAuts
  Lair:2: 1317 daAuts
    D:11: 1253 daAuts
  Lair:4: 1244 daAuts
     D:6: 1188 daAuts
    D:10: 1154 daAuts
  Lair:1: 1135 daAuts
     D:2: 1134 daAuts
     D:3: 1117 daAuts
Spider:1: 1106 daAuts
     D:5: 1096 daAuts
 Swamp:1: 1081 daAuts
    D:14: 1040 daAuts

Table legend:
 A = Kills in this place as a percentage of kills in the entire game.
 B = Kills by you in this place as a percentage of kills by you in the entire game.
 C = Kills by friends in this place as a percentage of kills by friends in the entire game.
 D = Other kills in this place as a percentage of other kills in the entire game.
 E = Experience gained in this place as a percentage of experience gained in the entire game.
 F = Experience gained in this place divided by the number of levels of this place that you have seen.
                   A       B       C       D       E      F
               +-------+-------+-------+-------+-------+----------------------
         Total | 100.0 | 100.0 | 100.0 | 100.0 | 100.0 | 9904.1
       Dungeon |  39.2 |  39.1 |  41.0 |  25.8 |  20.8 | 3976.8
          Lair |  21.9 |  19.3 |  29.7 |   0.0 |  23.9 | 13710.0
         Swamp |  12.0 |  11.7 |  11.9 |  19.4 |  22.9 | 16468.2
   Spider Nest |  16.8 |  17.3 |  14.2 |  32.3 |  24.0 | 22937.0
  Orcish Mines |  10.0 |  12.6 |   3.2 |  22.6 |   8.5 | 12166.5
               +-------+-------+-------+-------+-------+----------------------
